 Dungeon Crawl Stone Soup version 0.30-b1-2-g02819fbbbe (webtiles) character file.

Game seed: 17628396722633954584

2263 Arcadio the Ducker (level 9, -5/62 HPs)
             Began as a Ghoul Hedge Wizard on May 15, 2023.
             Slain by a killer bee (7 damage)
             ... on level 6 of the Dungeon.
             The game lasted 00:17:44 (8477 turns).

Arcadio the Ducker (Ghoul Hedge Wizard)             Turns: 8477, Time: 00:17:45

Health: -5/62      AC:  6    Str: 14    XL:     9   Next: 38%
Magic:  15/17      EV: 14    Int: 15    God:
Gold:   303        SH:  0    Dex: 11    Spells: 3/21 levels left

rFire   x . .        u - +8 mace "Junurgh" {elec, rF- Int+2 Dex+3}
rCold   + . .        (no shield)
rNeg    + + +        E - +0 steam dragon scales
rPois   ∞            c - +0 hat
rElec   .            (no cloak)
rCorr   .            t - +0 pair of gloves
SInv    .            (no boots)
Will    .....        (no amulet)
Stlth   ++           (no ring)
HPRegen 0.00/turn    (no ring)
MPRegen 0.15/turn

%: no passive effects
@: inhibited regen
A: claws 1, cold resistance 1, negative energy resistance 3, inhibited
regeneration, torment resistance 2, devour on kill
a: no special abilities


You were on level 6 of the Dungeon.
You visited 2 branches of the dungeon, and saw 8 of its levels.

You collected 303 gold pieces.

Inventory:

Hand Weapons
 a - a +0 dagger
 l - a +0 whip of flaming
 u - the +8 mace "Junurgh" (weapon) {elec, rF- Int+2 Dex+3}
   (You found it on level 3 of the Dungeon)

   Int:       It affects your intelligence (+2).
   Dex:       It affects your dexterity (+3).
   rF:        It makes you vulnerable to fire.
Missiles
 n - 15 poisoned darts (quivered)
Armour
 b - a +0 robe
 c - a +0 hat (worn)
 t - a +0 pair of gloves (worn)
 E - +0 steam dragon scales (worn)
Wands
 x - a wand of acid (6)
 y - a wand of flame (44)
 D - a wand of iceblast (16)
Scrolls
 e - a scroll of amnesia
 g - 6 scrolls of teleportation
 i - a scroll of fog {unknown}
 k - a scroll of enchant armour {unknown}
 m - a scroll of poison {unknown}
 q - a scroll of immolation {unknown}
 r - 4 scrolls of identify
 v - 2 scrolls of fear {unknown}
 w - a scroll of brand weapon {unknown}
 z - a scroll of enchant weapon {unknown}
 F - a scroll of butterflies {unknown}
Potions
 d - 2 potions of magic
 h - a potion of curing
 j - a potion of brilliance
 o - 3 potions of resistance
 p - 2 potions of heal wounds
 s - a potion of attraction
 A - a potion of might {unknown}
 B - a potion of lignification {unknown}
 C - a potion of mutation {unknown}
 G - 3 potions of flight {unknown}


   Skills:
 + Level 6.7 Dodging
 - Level 2.1 Stealth
 + Level 6.5 Spellcasting
 - Level 0.7 Conjurations
 - Level 3.0 Summonings
 + Level 5.9 Necromancy
 - Level 0.8 Translocations


You had 3 spell levels left.
You knew the following spells:

 Your Spells              Type           Power      Damage    Failure   Level
a - Magic Dart            Conj           28%        1d4       11%         1
b - Call Imp              Summ           28%        N/A       6%          2
c - Slow                  Hex            16%        N/A       14%         1
d - Blink                 Tloc           14%        N/A       16%         2
e - Cigotuvi's Dreadful   Necr/Pois/Air  20%        N/A       10%         2
f - Dispel Undead         Necr           22%        3d12      12%         4
g - Death Channel         Necr           11%        N/A       88%         6

Your spell library contained the following spells:

 Spells                   Type           Power      Damage    Failure   Level
 Shock                    Conj/Air       20%        1d4       12%         1
 Poisonous Vapours        Pois/Air       8%         N/A       22%         2
 Scorch                   Fire           8%         2d5       22%         2
 Mephitic Cloud           Conj/Pois/Air  5%         N/A       36%         3
 Swiftness                Air            4%         N/A       38%         3
 Flame Wave               Conj/Fire      5%         2d5       77%         4
 Airstrike                Air            2%         2d(1-17)  80%         4
 Freezing Cloud           Conj/Ice/Air   2%         6-21      98%         5
 Summon Cactus Giant      Summ           7%         N/A       99%         6


Dungeon Overview and Level Annotations

Branches:
Dungeon (7/15) Zot: 26355  Temple (1/1) D:6 Zot: 5875

Altars:
Ashenzari
Cheibriados
Dithmenos
Gozag
Makhleb
Okawaru
Qazlal
Sif Muna
Uskayaw
Vehumet
Xom
Yredelemnul
Jiyva

Shops:
D:5 [


Innate Abilities, Weirdness & Mutations

You are immune to poison.
You have sharp fingernails.
Your flesh is cold resistant. (rC+)
You are immune to negative energy. (rN+++)
You do not regenerate when monsters are visible.
You are immune to unholy pain and torment.
You thrive by killing the living.


Message History

The black bear bites you but does no damage.
The black bear claws you but does no damage. x2
You climb upwards.
There is a stone staircase leading down here.
The killer bee stings you. x3
The killer bee attacks as you move away!
The killer bee closely misses you. x2; The killer bee stings you.
The killer bee closely misses you.
Casting: Blink (safe; 16% risk of failure)
Confirm with . or Enter, or press ? or * to list all spells.
A tiny devil pulls itself out of the air.
The killer bee stings you but does no damage.
The killer bee closely misses you. x2; The killer bee stings you.
You barely miss the black bear.
The killer bee stings you but does no damage. x2
The killer bee stings you.
The killer bee stings you but does no damage.
The black bear barely misses you. The black bear closely misses you.
The black bear claws you. The killer bee stings you.
The killer bee closely misses you.
Your cerulean imp misses the killer bee.
The killer bee attacks as you move away!
The killer bee stings you.
The black bear bites you but does no damage.
The black bear claws you. The black bear closely misses you.
The killer bee stings you but does no damage.
The black bear bites you.
The black bear claws you but does no damage. x2
The killer bee stings you.
* * * LOW HITPOINT WARNING * * *
The killer bee stings you.
* * * LOW HITPOINT WARNING * * *
Your cerulean imp barely misses the black bear.
There is a staircase to the Ecumenical Temple here.
The killer bee barely misses you. The black bear misses you.
The black bear claws you.
* * * LOW HITPOINT WARNING * * *
The black bear claws you but does no damage.
The killer bee stings you!
You die...

.#...........###.##### #.........
.#...................###.........
.........................#.######
######.#.########......#.#.#.....
...)............#......#.#.#.####
########.#####.##......#.#.#.# #
.........# ###########.#.#.# #
########## #..y....##.#.#.# # #
#.@h#.>.##.#.#.# #
#..yy5..#..#.#.# #
############.#.# # #..# #.#.## #
##.########....# #
#.............# #
#.#######..#..### #.# #.##.##.#
#.######.#.♣.#.#


You could see a black bear (ally target), 3 killer bees and a friendly cerulean
imp (summoned).

Vanquished Creatures
  A wraith (D:6)
  A steam dragon (D:6)
  Menkaure (D:4)
  Edmund (D:4)
  A water moccasin (D:7)
  An ice beast (D:6)
  An orc warrior (D:7)
  A black bear (D:5)
  2 ogres (D:5)
  2 centaurs
  A phantom (D:6)
  2 scorpions
  4 killer bees
  2 howler monkeys
  2 hounds
  2 jellies
  3 orc priests
  2 iguanas
  3 sleepcaps
  Ijyb (D:4)
  An orc wizard (D:6)
  7 adders
  3 gnolls
  A shadow imp (D:6)
  A white imp (D:6)
  2 ufetubi
  A worm (D:4)
  2 dart slugs (D:2)
  8 orcs
  7 endoplasms
  A giant cockroach (D:2)
  5 goblins
  4 hobgoblins
  2 quokkas
  4 ball pythons
  2 bats
  4 frilled lizards
  7 kobolds
  3 rats
99 creatures vanquished.

Vanquished Creatures (collateral kills)
  A jelly (D:5)
  A gnoll (D:5)
  A dart slug (D:5)
  An orc (D:5)
  A quokka (D:4)
5 creatures vanquished.

Vanquished Creatures (others)
  A fungus (D:4)
  23 plants (D:6)
24 creatures vanquished.

Grand Total: 128 creatures vanquished

Notes
Turn   | Place    | Note
-------+----------+-------------------------------------------
     0 | D:1      | Arcadio the Ghoul Hedge Wizard began the quest for the Orb.
     0 | D:1      | Reached XP level 1. HP: 14/14 MP: 3/3
   214 | D:1      | Reached skill level 1 in Summonings
   608 | D:1      | Reached XP level 2. HP: 20/20 MP: 2/4
  1071 | D:2      | Learned a level 2 spell: Call Imp
  1073 | D:2      | Learned a level 1 spell: Slow
  1076 | D:2      | Learned a level 2 spell: Blink
  1437 | D:2      | Reached XP level 3. HP: 24/26 MP: 6/6
  1835 | D:3      | Found a hide-covered altar of Uskayaw.
  1835 | D:3      | Noticed a +0 spear
  1835 | D:3      | Noticed a +0 dagger
  1835 | D:3      | Noticed a +0 short sword
  1836 | D:3      | Noticed a +0 dagger
  1836 | D:3      | Noticed a +0 falchion
  1836 | D:3      | Noticed a +0 spear
  1845 | D:3      | Noticed a +0 short sword
  1845 | D:3      | Noticed a +0 falchion
  1991 | D:3      | Identified the +8 mace "Junurgh" {elec, rF- Int+2 Dex+3}
  2528 | D:4      | Noticed Edmund
  2583 | D:3      | Reached XP level 4. HP: 8/33 MP: 1/7
  2995 | D:3      | Reached XP level 5. HP: 27/38 MP: 6/9
  3057 | D:4      | Noticed Menkaure
  3062 | D:4      | Killed Menkaure
  3063 | D:4      | Reached XP level 6. HP: 45/45 MP: 5/10
  3137 | D:4      | Learned a level 2 spell: Cigotuvi's Dreadful Rot
  3365 | D:4      | Found a basalt altar of Yredelemnul.
  3413 | D:4      | You fall into a shaft and drop 1 floor!
  3413 | D:5      | Entered Level 5 of the Dungeon
  3511 | D:4      | Noticed Ijyb
  3522 | D:4      | Killed Edmund
  3523 | D:4      | Reached skill level 1 in Necromancy
  3523 | D:4      | Reached XP level 7. HP: 27/50 MP: 9/12
  3523 | D:4      | Killed Ijyb
  3732 | D:4      | Found a broken altar of Ashenzari.
  4582 | D:5      | Found a shimmering blue altar of Sif Muna.
  4852 | D:5      | Found Nusmi's Antique Armour Shoppe.
  4878 | D:5      | Reached skill level 5 in Dodging
  4878 | D:5      | Reached skill level 5 in Spellcasting
  4878 | D:5      | Reached XP level 8. HP: 54/57 MP: 10/14
  6280 | D:6      | Learned a level 4 spell: Dispel Undead
  6287 | D:6      | Learned a level 6 spell: Death Channel
  6339 | D:6      | Noticed a wraith
  6387 | D:6      | Killed a wraith
  6388 | D:6      | Reached skill level 5 in Necromancy
  6461 | D:6      | Reached XP level 9. HP: 10/62 MP: 13/17
  6952 | D:6      | Found a snail-covered altar of Cheibriados.
  7364 | D:6      | Found a staircase to the Ecumenical Temple.
  8164 | D:7      | Found a shimmering altar of Xom.
  8337 | Temple   | Entered the Ecumenical Temple
  8477 | D:6      | HP: 2/62 [black bear (4)]
  8477 | D:6      | Slain by a killer bee

Illustrated notes

Levels and vault maps discovered:
D:1:      matt_arrival_los_fun, layout_basic
D:2:      layout_rooms, serial_park_tiny_1
D:3:      layout_basic, elyvilon_altar_5, nicolae_uskayaw_en_pointe
D:4:      layout_cave_pods, lemuel_coloured_pillars_altar,
          mainiacjoe_overflow_boulevard, serial_park, serial_park_tiny_2,
          serial_park_square3 [serial_park_minivault_5x5_2],
          serial_park_square2, serial_park_tiny_pond, hex_tiny,
          corexii_hall_statues_u, item_on_display_a, uniq_edmund, uniq_menkaure,
          uniq_ijyb
D:5:      layout_loops_ring, mainiacjoe_overflow_alcove_4, serial_shops,
          kennysheep_mini_moat
D:6:      minmay_chambers_of_fours, layout_basic, mainiacjoe_overflow_paths,
          minmay_temple_entry_from_below_a, st_stairs_10, minmay_door_square,
          abandoned_shop, kennysheep_pointless_box, serial_bayou_lagoon_a,
          grunt_decor_one_mirror
D:7:      layout_gridville, mainiacjoe_overflow_alcove_1, serial_shops, shop,
          gammafunk_ghost_arena
Temple:   pf_slime_end_temple

Skill      XL: |  1  2  3  4  5  6  7  8 |
---------------+-------------------------+-----
Summonings     | 1 2 3 |  3.0
Dodging        | 2 3 4 5 6 |  6.7
Spellcasting   | 3 4 5 6 |  6.5
Necromancy     | 1 3 5 |  5.9
Stealth        | |  2.1
Conjurations   | |  0.7
Translocations | |  0.8

Action                     |  1- 3 |  4- 6 |  7- 9 || total
---------------------------+-------+-------+-------++-------
  Melee: Dagger            |    41 |       |       ||    41
         Whip              |    61 |       |       ||    61
         Mace              |     8 |    42 |   182 ||   232
         Punch             |       |       |     2 ||     2
   Cast: Magic Dart        |    35 |     6 |    20 ||    61
         Call Imp          |     1 |     5 |    21 ||    27
         Blink             |     1 |       |     1 ||     2
         Slow              |     1 |       |       ||     1
         Dispel Undead     |       |       |     2 ||     2
    Use: Scroll            |     7 |     1 |     1 ||     9
   Stab: Sleeping          |     1 |     1 |     3 ||     5
 Armour: Robe              |    27 |    10 |    26 ||    63
         Steam dragon scal |       |       |    56 ||    56
  Dodge: Dodged            |    72 |    31 |   260 ||   363
